Map: Efflorescence LE

Players

Cthulhu

  • Race: Protoss Protoss
  • Spawn Location: 6:00

Throwfordays

  • Race: Terran Terran
  • League: Bronze
  • Spawn Location: 9:00

KurtRockman - Winner!

  • Race: Protoss Protoss
  • Spawn Location: 3:00

Arcticfox - Winner!

  • Race: Zerg Zerg
  • Spawn Location: 12:00

VOD

Have the link to the VOD?

Description

Time

  • Played on: Jan. 27, 2019, 9:23 p.m.
  • Length: 13:48
Show
View Real Time Build Order
Export as new Build Order

Cthulhu Protoss 

Build Orders:  

Get SALT Encoding   

  12  0:01  Probe  
  13  0:17  Pylon, Probe  
  14  0:25  Probe  
  15  0:39  Gateway, Probe  
  16  0:51  Probe  
  17  1:02  Gateway  
  17  1:07  Gateway  
  17  1:11  Assimilator  
  17  1:23  Pylon  
  17  1:24  Zealot  
  19  1:34  Probe  
  20  1:47  Probe  
  21  1:48  Zealot  
  21  1:50  Zealot  
  25  1:55  Zealot  
  27  2:04  Probe  
  28  2:08  Assimilator  
  28  2:11  Pylon  
  28  2:22  Zealot  
  30  2:29  Zealot  
  32  3:17  Zealot x3  
  38  3:22  Pylon  
  36  3:30  Pylon  
  36  3:37  Forge  
  36  3:39  Cybernetics Core  
  27  4:01  Protoss Ground Weapons Level 1  
  25  4:14  Zealot x3  
  31  4:43  Nexus  
  25  4:55  Zealot x3  
  25  5:02  Warp Gate  
  31  5:11  Assimilator  
  31  5:24  Probe  
  32  5:30  Zealot x2  
  32  5:32  Stalker  
  38  5:36  Probe  
  39  5:46  Protoss Ground Armor Level 1  
  39  5:54  Probe  
  40  6:05  Stalker x3  
  40  6:07  Probe  
  47  6:31  Twilight Council  
  47  6:38  Robotics Facility  
  47  6:41  Probe  
  48  6:53  Probe  
  49  6:55  Pylon  
  49  7:05  Probe  
  50  7:12  Zealot x2  
  54  7:17  Probe  
  55  7:25  Blink  
  55  7:26  Photon Cannon  
  55  7:29  Probe  
  56  7:33  Photon Cannon  
  56  7:34  Photon Cannon  
  56  7:37  Photon Cannon  
  56  7:47  Probe  
  57  7:54  Pylon  
  54  8:29  Probe  
  55  8:41  Probe  
  56  8:43  Stalker x3  
  62  8:53  Probe  
  63  9:00  Probe  
  63  9:05  Pylon  
  63  9:08  Photon Cannon, Probe  
  64  9:12  Pylon  
  65  9:18  Probe  
  66  9:26  Charge  
  66  10:18  Stalker x2  
  66  10:19  Stalker  
  72  10:28  Templar Archives  
  72  10:31  Pylon  
  72  10:50  Assimilator  
  72  10:59  Robotics Facility  
  72  11:09  Stalker x2  
  72  11:10  Stalker  
  75  11:30  Pylon  
  63  12:03  Observer  
  63  12:07  Assimilator  
  64  12:09  Photon Cannon  
  64  12:10  Photon Cannon  
  64  12:12  Photon Cannon  
  64  12:15  Psionic Storm  
  64  12:16  Photon Cannon  
  64  12:20  Pylon  
  64  12:23  High Templar x2  
  64  12:24  High Templar  
  64  12:25  Observer  
Show
View Real Time Build Order
Export as new Build Order

Throwfordays Terran 

Build Orders:  

Get SALT Encoding   

  12  0:01  SCV  
  13  0:13  Supply Depot  
  13  0:18  SCV  
  14  0:30  SCV  
  15  0:40  Barracks  
  15  0:46  Supply Depot  
  15  0:48  SCV  
  16  1:00  SCV  
  17  1:07  Refinery  
  17  1:12  SCV  
  17  1:16  Refinery  
  18  1:24  SCV  
  19  1:36  SCV  
  20  1:48  SCV  
  21  1:55  Barracks Reactor  
  21  2:14  Barracks  
  21  2:17  SCV  
  22  2:29  SCV  
  23  2:31  Marine x2  
  25  2:41  SCV  
  26  2:49  Marine x2  
  28  3:05  Supply Depot  
  28  3:06  Command Center  
  28  3:07  Marine x2  
  30  3:19  Barracks Tech Lab  
  30  3:22  Orbital Command  
  30  3:24  Marine  
  30  3:26  Marine  
  32  3:28  Supply Depot  
  32  3:41  Marine  
  33  3:42  Marine  
  33  3:44  Marine  
  33  3:59  Marine  
  33  4:00  Marine  
  33  4:02  Marine  
  36  4:16  Marine  
  36  4:18  Marine  
  36  4:20  Marine  
  35  4:28  SCV  
  35  4:30  Factory  
  36  4:33  SCV  
  36  4:34  Marine  
  38  4:40  SCV  
  39  4:45  Factory  
  39  4:46  SCV  
  39  4:50  Combat Shield  
  39  4:52  Marine  
  41  4:58  SCV  
  42  5:04  Refinery  
  42  5:10  SCV  
  43  5:22  SCV  
  43  5:23  Engineering Bay  
  43  5:24  Factory Reactor  
  44  5:29  Factory Tech Lab  
  44  5:35  Armory  
  44  5:38  Starport  
  44  5:56  Orbital Command  
  44  6:18  SCV  
  45  6:24  Hellion x3  
  51  6:30  SCV  
  52  6:34  Infernal Pre-Igniter  
  52  6:42  SCV  
  52  6:45  Hellion x3  
  59  6:52  Terran Infantry Weapons Level 1  
  59  6:54  SCV  
  59  6:55  Terran Vehicle Weapons Level 1  
  60  7:06  SCV  
  61  7:12  Supply Depot  
  61  7:18  Supply Depot  
  61  7:25  Starport Reactor  
  61  7:28  Supply Depot  
  61  7:30  SCV  
  61  7:33  SCV  
  62  7:40  Hellion x3  
  62  7:42  SCV  
  68  7:45  SCV  
  65  7:55  SCV  
  65  7:57  SCV  
  67  8:02  Hellion  
  67  8:04  Hellion x2  
  73  8:07  SCV, Sensor Tower  
  73  8:09  Viking x2, SCV  
  78  8:29  Sensor Tower  
  78  8:33  Missile Turret  
  78  8:39  Viking x2  
  82  8:49  Terran Ship Weapons Level 1  
  82  8:54  Hellion x12  
  82  8:56  Missile Turret  
  82  8:58  Mag-Field Accelerator  
  82  9:05  Hellion  
  82  9:09  Viking x2  
  84  9:39  Viking  
  86  9:47  Supply Depot  
  86  9:52  Viking  
  72  10:03  Refinery  
  66  10:09  Viking  
  68  10:18  Thor  
  74  10:22  Viking  
  76  10:37  Smart Servos  
  76  10:38  Viking  
  78  10:44  Terran Ship Weapons Level 2  
  78  11:00  Thor  
  84  11:09  Sensor Tower  
  61  11:49  Hellion x2  
  58  12:10  Hellion x2  
  58  12:13  Missile Turret  
  62  12:22  Armory  
  62  12:24  Thor  
  68  12:31  Hellion x2  
  72  12:44  Viking  
  72  12:45  Viking  
  76  12:53  Hellion x2  
  76  12:58  Thor  
  74  13:14  Viking x2  
Show
View Real Time Build Order
Export as new Build Order

KurtRockman Protoss - Winner!

Build Orders: 1 Gate Expand, Carriers 

Get SALT Encoding   

  1  0:00  Probe  
  13  0:07  Probe  
  14  0:22  Pylon  
  14  0:26  Probe  
  15  0:40  Probe  
  16  0:43  Gateway  
  16  0:52  Probe  
  17  1:00  Probe  
  17  1:08  Probe  
  19  1:19  Probe  
  19  1:25  Nexus  
  20  1:34  Probe  
  20  1:36  Cybernetics Core  
  21  1:41  Assimilator  
  21  1:46  Probe  
  22  1:48  Assimilator  
  22  1:57  Pylon  
  22  1:58  Probe  
  23  2:05  Pylon  
  23  2:15  Probe  
  24  2:22  Stalker  
  24  2:36  Probe x2  
  28  2:44  Pylon, Warp Gate  
  28  2:48  Probe x2  
  30  2:57  Pylon  
  30  3:00  Probe  
  31  3:10  Stalker  
  27  3:28  Gateway  
  24  3:40  Stalker  
  24  3:41  Stargate  
  25  3:45  Probe x2  
  27  3:57  Probe x2  
  27  4:00  Assimilator  
  27  4:04  Pylon  
  27  4:08  Pylon  
  27  4:12  Gateway  
  27  4:18  Probe x2  
  29  4:37  Pylon, Probe x2  
  31  4:46  Probe x2  
  33  4:55  Void Ray  
  37  5:05  Forge  
  37  5:13  Stalker  
  37  5:14  Probe  
  39  5:15  Probe  
  41  5:31  Protoss Shields Level 1  
  41  5:38  Probe x2  
  41  5:42  Assimilator  
  43  5:44  Protoss Air Weapons Level 1  
  43  5:50  Probe x2  
  45  6:02  Fleet Beacon, Probe x2  
  47  6:11  Photon Cannon  
  47  6:14  Probe  
  47  6:18  Shield Battery  
  48  6:23  Photon Cannon  
  48  6:24  Probe  
  49  6:26  Probe  
  50  6:36  Probe  
  50  6:38  Probe  
  52  6:40  Pylon  
  52  6:44  Pylon  
  52  6:53  Stargate  
  52  6:54  Carrier  
  58  7:20  Shield Battery  
  58  7:23  Photon Cannon  
  58  7:26  Nexus, Photon Cannon  
  58  7:30  Assimilator  
  58  7:33  Protoss Air Armor Level 1  
  58  7:34  Assimilator  
  58  7:37  Pylon  
  58  7:38  Carrier  
  58  7:40  Pylon  
  64  8:05  Twilight Council  
  64  8:09  Carrier  
  70  8:21  Stargate  
  70  8:43  Probe x3  
  70  8:44  Photon Cannon  
  73  8:49  Photon Cannon  
  73  8:51  Shield Battery  
  73  8:55  Probe x3  
  76  8:59  Carrier  
  76  9:07  Probe  
  76  9:08  Pylon  
  76  9:09  Protoss Air Armor Level 2  
  83  9:12  Pylon  
  83  9:21  Carrier  
  89  9:31  Protoss Shields Level 2, Probe  
  89  9:32  Probe x2  
  92  9:44  Probe x2  
  94  9:52  Carrier  
  103  10:18  Carrier  
  106  10:35  Carrier  
  112  10:49  Probe x3  
  115  10:50  Nexus  
  115  11:03  Carrier  
  121  11:08  Pylon  
  121  11:12  Pylon  
  121  11:14  Pylon  
  121  11:15  Protoss Air Weapons Level 2  
  121  11:18  Pylon  
  121  11:23  Carrier  
  121  11:43  Carrier  
  127  11:51  Assimilator  
  127  11:55  Assimilator  
  127  12:17  Carrier  
  133  12:25  Stargate  
  133  12:32  Carrier  
  147  13:21  Probe x3  
  150  13:33  Probe x2  
  150  13:34  Probe  
Show
View Real Time Build Order
Export as new Build Order

Arcticfox Zerg - Winner!

Build Orders: Hatch First, Muta Ling Bane 

Get SALT Encoding   

  12  0:01  Drone  
  13  0:13  Overlord  
  13  0:20  Drone  
  14  0:32  Drone x2  
  16  0:37  Drone  
  17  0:55  Hatchery  
  16  0:59  Drone  
  16  1:01  Drone  
  18  1:14  Extractor  
  18  1:16  Spawning Pool  
  16  1:19  Drone  
  16  1:22  Drone  
  18  1:29  Drone  
  19  1:42  Overlord  
  19  1:51  Drone  
  20  2:01  Drone  
  21  2:04  Queen  
  21  2:07  Queen  
  25  2:09  Zergling x2  
  25  2:13  Zergling x2  
  27  2:20  Drone  
  28  2:25  Metabolic Boost  
  28  2:39  Hatchery  
  27  2:46  Drone x2  
  27  2:47  Drone x2  
  30  2:52  Overlord  
  30  2:58  Zergling x4  
  31  3:04  Zergling x2  
  32  3:09  Zergling x2  
  34  3:12  Zergling x2  
  34  3:14  Lair  
  34  3:23  Zergling x4  
  34  3:24  Zergling x4  
  38  3:27  Overlord  
  37  3:42  Zergling x4  
  37  3:43  Zergling x6  
  39  3:52  Queen  
  39  3:55  Drone x3  
  44  4:09  Drone x7  
  51  4:12  Extractor  
  51  4:15  Overlord  
  49  4:27  Overlord x2  
  49  4:34  Extractor  
  48  4:39  Spawning Pool  
  47  4:46  Drone x4  
  47  4:51  Zergling x2  
  47  4:52  Zergling x6  
  52  5:02  Spire  
  52  5:04  Drone x4  
  56  5:10  Baneling Nest  
  55  5:15  Drone  
  55  5:16  Drone x3  
  59  5:44  Drone x5  
  59  5:45  Drone  
  65  5:53  Overlord x3  
  65  5:54  Evolution Chamber, Overlord  
  65  5:55  Evolution Chamber  
  63  5:58  Centrifical Hooks  
  63  6:01  Overlord x3  
  63  6:09  Extractor  
  62  6:13  Drone x3  
  65  6:20  Drone x3  
  65  6:21  Extractor x2, Drone x2  
  65  6:22  Drone  
  65  6:24  Zerg Flyer Armor Level 1  
  69  6:27  Mutalisk  
  69  6:28  Mutalisk  
  69  6:30  Overseer  
  73  6:37  Mutalisk x2  
  77  6:41  Drone  
  77  6:45  Zerg Melee Weapons Level 1  
  78  6:55  Drone x5  
  83  7:02  Hatchery  
  83  7:06  Drone x6  
  83  7:07  Drone  
  89  7:08  Mutalisk  
  91  7:19  Mutalisk x3  
  97  7:45  Mutalisk x5  
  105  7:53  Zergling x2  
  105  7:54  Zergling x16  
  114  8:00  Overlord x3  
  108  8:26  Infestation Pit  
  104  8:28  Spine Crawler  
  100  8:39  Zerg Ground Armor Level 1  
  100  8:40  Overlord x2  
  100  8:41  Overlord x2  
  97  8:45  Queen  
  99  8:53  Drone x2  
  101  8:59  Zerg Flyer Armor Level 2  
  101  9:01  Mutalisk  
  101  9:02  Mutalisk x7  
  111  9:04  Zergling x6  
  111  9:05  Zergling x20  
  130  9:22  Drone x3  
  130  9:23  Extractor x2  
  130  9:24  Drone x3  
  134  9:25  Drone x2  
  134  9:26  Drone x5  
  141  9:47  Hive  
  136  10:12  Spire  
  135  10:29  Zerg Melee Weapons Level 2  
  135  10:42  Infestor x4  
  137  10:43  Infestor x2  
  137  10:46  Pathogen Glands  
  147  10:51  Overlord x3  
  147  10:52  Overlord x3  
  147  10:53  Zergling x2  
  147  10:54  Zergling x32  
  164  11:27  Greater Spire  
  136  12:10  Corruptor x9  
  154  12:31  Hatchery  
  150  13:08  Zergling x2  
  150  13:09  Zergling x14  
Tags
 
Add a new tag
Caveats
  • Supply blocks, unpowered buildings, or Contaminate may cause inaccurate times.
  • Supply counts are checked every 10 seconds.